Map: Beckett Industries LE

Players

Trap

  • Race: Protoss Protoss

Serral - Winner!

  • Race: Zerg Zerg

Event: DreamHack SC2 Masters 2021 Fall

VOD

Have the link to the VOD?

Description

Time

  • Played on: Sept. 12, 2021, 12:32 p.m.
  • Length: 10:26

All games in this series

Show
View Real Time Build Order
Export as new Build Order

Trap Protoss 

Build Orders: 1 Gate Expand, Oracle Opening 

Get SALT Encoding   

  12  0:00  Probe  
  13  0:12  Probe  
  14  0:17  Pylon  
  14  0:24  Probe (Chrono Boost)  
  15  0:36  Probe (Chrono Boost)  
  16  0:44  Gateway  
  16  0:45  Probe (Chrono Boost)  
  17  0:51  Probe  
  17  0:55  Assimilator  
  18  1:03  Probe  
  19  1:15  Probe  
  20  1:25  Nexus  
  20  1:35  Cybernetics Core  
  20  1:39  Probe  
  21  1:47  Assimilator  
  21  1:51  Probe  
  22  1:55  Pylon  
  22  2:03  Probe (Chrono Boost)  
  23  2:13  Adept  
  26  2:15  Probe (Chrono Boost)  
  26  2:19  Stargate  
  26  2:23  Probe (Chrono Boost)  
  26  2:27  Warp Gate  
  27  2:32  Probe (Chrono Boost)  
  28  2:37  Probe (Chrono Boost)  
  28  2:40  Pylon  
  30  2:46  Probe x2 (Chrono Boost)  
  30  2:48  Adept  
  33  2:52  Probe  
  33  2:53  Void Ray (Chrono Boost)  
  33  2:54  Probe  
  35  3:04  Probe  
  40  3:06  Probe  
  40  3:10  Pylon  
  41  3:16  Probe  
  41  3:18  Probe  
  43  3:21  Gateway  
  43  3:28  Probe  
  43  3:29  Oracle (Chrono Boost)  
  43  3:30  Probe  
  48  3:38  Assimilator  
  48  3:40  Assimilator, Probe  
  49  3:42  Probe  
  49  3:47  Pylon  
  50  3:53  Probe  
  50  3:54  Probe  
  52  4:05  Probe  
  52  4:06  Probe  
  52  4:07  Fleet Beacon  
  55  4:17  Probe  
  55  4:18  Stargate, Probe  
  56  4:28  Nexus  
  56  4:33  Pylon  
  56  4:35  Probe  
  56  4:36  Probe  
  58  4:39  Pylon  
  58  4:42  Shield Battery  
  58  4:47  Probe  
  58  4:48  Probe  
  60  4:55  Tempest (Chrono Boost)  
  65  5:09  Probe x2  
  72  5:14  Tempest (Chrono Boost)  
  72  5:17  Pylon  
  72  5:26  Shield Battery  
  77  5:30  Shield Battery  
  77  5:31  Tempest (Chrono Boost)  
  77  5:38  Tempest (Chrono Boost)  
  77  5:42  Probe x3  
  85  5:52  Forge, Pylon  
  85  5:53  Pylon  
  85  5:54  Probe  
  85  5:56  Tempest (Chrono Boost)  
  86  6:01  Probe  
  86  6:02  Probe  
  93  6:05  Void Ray (Chrono Boost)  
  93  6:06  Probe  
  98  6:13  Probe  
  98  6:14  Probe  
  101  6:18  Probe  
  101  6:31  Void Ray  
  101  6:32  Twilight Council, Assimilator  
  96  6:34  Assimilator  
  96  6:35  Gateway  
  96  6:38  Gateway, Unknown, Void Ray  
  100  6:40  Gateway  
  104  6:54  Probe x3  
  104  6:56  Protoss Ground Weapons Level 1, Gateway  
  107  7:02  Gateway  
  107  7:04  Pylon  
  107  7:06  Gateway  
  107  7:07  Gateway  
  107  7:09  Void Ray (Chrono Boost), Probe x3  
  106  7:16  Void Ray (Chrono Boost)  
  106  7:18  Zealot x2  
  114  7:28  Pylon  
  118  7:31  Charge (Chrono Boost)  
  118  7:37  Robotics Facility  
  118  7:42  Robotics Facility  
  118  7:44  Pylon, Void Ray (Chrono Boost)  
  118  7:46  Photon Cannon  
  118  7:49  Pylon  
  122  7:55  Void Ray (Chrono Boost)  
  122  7:56  Flux Vanes  
  123  8:07  Nexus, Zealot  
  125  8:14  Shield Battery  
  125  8:16  Shield Battery  
  125  8:17  Zealot  
  125  8:19  Void Ray (Chrono Boost)  
  127  8:25  Robotics Bay  
  131  8:30  Zealot x3  
  131  8:32  Observer  
  138  8:35  Sentry  
  138  8:36  Zealot x2  
  138  8:37  Void Ray  
  135  9:02  Zealot x2  
  132  9:20  Pylon x2  
  110  9:41  Pylon  
  50  10:09  Zealot x5  
Show
View Real Time Build Order
Export as new Build Order

Serral Zerg - Winner!

Build Orders: Hatch First 

Get SALT Encoding   

  12  0:00  Drone  
  13  0:12  Overlord  
  13  0:17  Drone  
  14  0:30  Drone x2  
  16  0:38  Drone  
  17  0:51  Hatchery  
  17  0:55  Drone  
  17  0:58  Drone  
  18  1:09  Extractor  
  17  1:13  Spawning Pool  
  17  1:16  Drone  
  17  1:20  Drone  
  18  1:28  Drone  
  19  1:38  Drone  
  20  1:49  Overlord  
  20  2:00  Queen  
  22  2:03  Queen  
  22  2:04  Zergling x4  
  26  2:11  Metabolic Boost, Drone  
  26  2:15  Drone  
  28  2:21  Drone  
  29  2:25  Drone  
  30  2:36  Queen  
  32  2:45  Hatchery  
  32  2:48  Drone  
  32  2:50  Drone  
  32  2:51  Drone  
  34  2:57  Drone  
  34  2:58  Overlord  
  34  3:08  Drone  
  35  3:16  Queen  
  35  3:17  Drone x3  
  35  3:18  Overlord  
  40  3:22  Drone x2  
  40  3:25  Drone  
  43  3:29  Overlord  
  43  3:36  Queen  
  45  3:47  Drone x2  
  48  3:48  Drone  
  48  3:49  Overlord  
  48  3:50  Zergling x6  
  48  3:54  Spore Crawler x2  
  49  3:58  Drone x3  
  49  4:00  Drone x2  
  55  4:02  Drone  
  55  4:08  Drone  
  56  4:14  Zergling x2  
  56  4:15  Drone x3  
  60  4:18  Queen, Overlord  
  60  4:21  Drone  
  60  4:23  Overlord  
  63  4:28  Overlord  
  63  4:30  Drone x2  
  65  4:35  Roach Warren  
  65  4:38  Spore Crawler, Drone x2  
  65  4:41  Drone x2  
  67  4:48  Extractor  
  67  4:49  Extractor, Overlord  
  67  4:50  Zergling x2, Drone x2  
  67  4:52  Overlord  
  68  4:54  Drone x2  
  68  4:55  Drone  
  71  5:00  Overlord  
  71  5:01  Drone  
  71  5:02  Drone x2  
  71  5:05  Overlord  
  74  5:09  Overlord  
  74  5:13  Drone  
  75  5:14  Lair  
  75  5:17  Queen  
  75  5:19  Evolution Chamber  
  75  5:20  Queen  
  77  5:24  Drone x2  
  77  5:25  Extractor  
  77  5:26  Drone x2  
  80  5:29  Overlord  
  80  5:32  Drone x3  
  83  5:35  Drone x2  
  83  5:36  Extractor  
  83  5:37  Extractor  
  83  5:39  Overlord  
  83  5:40  Drone x2  
  85  5:43  Overlord  
  85  5:45  Zerg Missile Weapons Level 1  
  85  5:51  Drone  
  85  5:52  Drone  
  87  5:57  Queen x2  
  87  6:02  Hatchery  
  89  6:06  Drone x2  
  90  6:12  Drone, Glial Reconstitution, Spire  
  90  6:19  Queen  
  90  6:21  Overlord  
  92  6:28  Overlord  
  92  6:30  Roach x4  
  92  6:31  Roach x2  
  104  6:36  Queen x2  
  108  6:41  Overlord  
  108  6:43  Overlord  
  106  6:54  Queen  
  106  6:55  Overlord  
  106  6:58  Drone x3  
  106  6:59  Overlord  
  111  7:04  Extractor  
  110  7:12  Queen  
  110  7:24  Corruptor x8  
  126  7:30  Corruptor x2  
  126  7:36  Corruptor x2  
  136  7:44  Roach x5  
  136  7:50  Roach x3  
  160  7:58  Roach x5  
  160  8:01  Drone  
  160  8:05  Roach x3  
  166  8:12  Ravager x9  
  175  8:18  Roach x4  
  182  8:23  Roach x4  
  190  8:29  Roach  
  190  8:30  Roach x2  
  196  8:39  Roach x2  
  198  8:50  Ravager  
  199  9:01  Roach  
  194  9:16  Roach x11  
  198  9:21  Corruptor  
  198  9:22  Corruptor x2  
  196  9:26  Corruptor  
  188  9:32  Corruptor x4  
  190  9:39  Corruptor  
  183  9:56  Corruptor  
  179  10:01  Drone x4  

Tags
 
Add a new tag
Caveats
  • Supply blocks, unpowered buildings, or Contaminate may cause inaccurate times.
  • Supply counts are checked every 10 seconds.